 Dungeon Crawl Stone Soup version 0.15.2 (webtiles) character file.

408 nohabloinglescabron the Insei (level 6, 0/47 HPs)
             Began as a Mummy Monk on Apr 22, 2015.
             Killed from afar by an orc wizard (13 damage)
             ... with a puff of flame
             ... on Level 5 of the Dungeon.
             The game lasted 00:21:30 (8246 turns).

nohabloinglescabron the Insei (Mummy Monk)          Turns: 8246, Time: 00:21:30

HP   0/47        AC  1     Str 14      XL: 6   Next: 57%
MP   6/6         EV 14     Int  9      God:
Gold 176         SH  0     Dex 16      Spells:  0 memorised,  5 levels left

rFire  x . .     SeeInvis .       - Unarmed
rCold  + . .     Clarity  .     (no armour)
rNeg   + + +     rCorr    .     (no shield)
rPois  +         rRot     +     (no helmet)
rElec  .         Spirit   .     m - +0 cloak
SustAb .         Warding  .     (no gloves)
rMut   .         Stasis   .     (no boots)
Gourm  .                        (no amulet)
MR     .....                    (no ring)
                                (no ring)

@: not resistant to hostile enchantments, unstealthy
A: no food or potions, fire vulnerability, restore body, cold resistance 1,
negative energy resistance 3, poison resistance, torment resistance, unbreathing
a: no special abilities


You were on level 5 of the Dungeon.
You were not hungry.

You visited 1 branch of the dungeon, and saw 5 of its levels.

You collected 176 gold pieces.


Innate Abilities, Weirdness & Mutations

You do not eat or drink.
Your flesh is vulnerable to fire.
Your flesh is cold resistant.
You are immune to negative energy.
Your system is resistant to poisons.
You are immune to unholy pain and torment.
You can survive without breathing.


   Skills:
 - Level 3.1 Fighting
 + Level 3.5 Dodging
 - Level 1.5 Stealth
 - Level 6.0 Unarmed Combat


You had 5 spell levels left.
You didn't know any spells.

Inventory:

Armour
 m - a +0 cloak (worn)
Comestibles
 c - 2 fruits
 d - 4 meat rations (quivered)
 f - a beef jerky
 j - a bread ration
Scrolls
 b - a scroll of enchant weapon
 e - a scroll of random uselessness
 g - 4 scrolls of remove curse
 h - a scroll of teleportation
 i - 2 scrolls of recharging
 k - 2 scrolls of fog
 l - a scroll of fear {unknown}
 o - a scroll of blinking {unknown}
 p - a scroll of magic mapping {unknown}
 q - a scroll of enchant armour {unknown}
Potions
 a - a potion of porridge

Dungeon Overview and Level Annotations

Branches:
Dungeon (5/15)             Temple (0/1) D:4

Altars:
Ashenzari
Zin

Annotations:
D:4 exclusions: downstairs, ogre and upstairs, Grinder; magipi's ghost, weakling TeSu
D:5 exclusion: ogre

##########
##############....o..o.
...............#######.
+########.....o#
#...ooo# #......#
#......# #>.###.# ####
#@######### #.........#
#########.# #......#
#.###### #.# #.# #.#
#.# ######


You could see an orc priest, an orc wizard and 2 orcs.


Message History

The orc wizard is moderately wounded.
The orc wizard barely misses you.
You hit the orc wizard.
The orc wizard is heavily wounded.
The orc wizard becomes somewhat translucent.
An orc priest comes into view.
The orc wizard gestures at you while chanting.
The magic dart hits you!
You see here 17 poisoned needles.
You swing at nothing.
You hit the orc wizard. Your punch misses the orc wizard.
The orc wizard is severely wounded.
The orc wizard gestures wildly while chanting.
The orc wizard seems to speed up.
You closely miss the orc wizard.
The orc wizard is severely wounded.
The orc wizard hits you with a dagger!
You hit the orc wizard but do no damage.
The orc wizard is severely wounded.
The orc wizard barely misses you.
You hit the orc wizard.
The orc wizard is almost dead.
The orc wizard hits you but does no damage.
The orc priest shouts!
The orc wizard casts a spell at you. The puff of flame hits you!
The fire burns you terribly!
* * * LOW HITPOINT WARNING * * *
The orc wizard casts a spell at you. The puff of flame hits you!
The fire burns you terribly!
You die...

Action                   |  1- 3 |  4- 6 || total
-------------------------+-------+-------++-------
Melee: Unarmed           |   117 |   396 ||   513
  Use: Scroll            |     3 |     4 ||     7
 Stab: Sleeping          |     3 |     2 ||     5

Vault maps used:
D:1:      dpeg_arrival_rooms_b, st_stairs_10
D:2:      first_bread
D:3:      lemuel_upstairs_altar, lemuel_coloured_pillars_altar,
          portal_sewer_entry_e, minmay_door_square
D:4:      evilmike_ruin_ashenzari, minmay_temple_entry_poolview, uniq_grinder
D:5:      nemelex_altar_shiori, guppyfry_early_orc_mine

Notes
Turn   | Place    | Note
--------------------------------------------------------------
     0 | D:1      | nohabloinglescabron, the Mummy Monk, began the quest for the Orb.
     0 | D:1      | Reached XP level 1. HP: 18/18 MP: 1/1
   328 | D:1      | Reached XP level 2. HP: 24/24 MP: 2/2
  1249 | D:2      | Reached skill level 4 in Unarmed Combat
  1503 | D:2      | Reached XP level 3. HP: 18/29 MP: 3/3
  2495 | D:3      | Reached XP level 4. HP: 32/35 MP: 4/4
  3436 | D:3      | Reached skill level 5 in Unarmed Combat
  3800 | D:3      | Reached XP level 5. HP: 18/41 MP: 5/5
  4036 | D:3      | Found a glowing silver altar of Zin.
  4712 | D:4      | Noticed Grinder
  5183 | D:4      | Noticed magipi's ghost (weakling TeSu)
  5185 | D:4      | Found a staircase to the Ecumenical Temple.
  5467 | D:4      | Noticed a phantom
  5536 | D:4      | Noticed an ogre
  5551 | D:4      | Found a shattered altar of Ashenzari.
  5570 | D:4      | Artagel: beware the dude with the club
  5574 | D:4      | Artagel: it hungers
  5585 | D:4      | Reached skill level 6 in Unarmed Combat
  5585 | D:4      | Reached XP level 6. HP: 41/47 MP: 6/6
  5836 | D:4      | Reached skill level 3 in Dodging
  6207 | D:4      | nohabloinglescabron: ha
  6207 | D:4      | nohabloinglescabron: hadn't even noticed the goast
  6887 | D:5      | Entered Level 5 of the Dungeon
  7674 | D:3      | Artagel: danger zone d4 tbh
  8078 | D:4      | nohabloinglescabron: dealing with it expediently
  8246 | D:5      | Killed from afar by an orc wizard

Vanquished Creatures
  4 worker ants (D:4)
  An orc wizard (D:4)
  An iguana (D:4)
  3 gnolls
  7 adders
  2 green rats (D:3)
  A giant mite (D:3)
  4 worms
  A giant gecko (D:1)
  An ooze (D:3)
  13 orcs
  3 giant cockroaches
  18 goblins
  12 hobgoblins
  4 jackals (D:4)
  2 ball pythons
  16 bats
  A giant gecko skeleton (D:4)
  2 giant newts
  A goblin skeleton (D:4)
  8 kobolds
  A kobold skeleton (D:4)
  3 quokkas
  17 rats
126 creatures vanquished.
